 Dungeon Crawl Stone Soup version 0.18-a0-1800-gdc7a371 (webtiles) character file.

509498 Moloch the Axe Maniac (level 24, -5/242 HPs)
             Began as a Minotaur Fighter on Apr 24, 2016.
             Was the Champion of Zin.
             Killed from afar by a deep elf mage (20 damage)
             ... with a bolt of lightning
             ... created by the fury of Okawaru
             ... on level 2 of the Abyss.
             The game lasted 03:00:34 (50970 turns).

Moloch the Axe Maniac (Minotaur Fighter)           Turns: 50970, Time: 03:00:38

Health: -5/242     AC: 31    Str: 25    XL:     24   Next: 75%
Magic:  43/43      EV: 24    Int: 12    God:    Zin [******]
Gold:   933        SH:  0    Dex: 20    Spells: 4 memorised, 12 levels left

rFire  + + +     SeeInvis +     E - +10 battleaxe "Huapi" {chop, MP+9 Dex+3, First Oka gift}
rCold  + . .     Gourm    .     v - +2 plate armour "Vodix" {rF++ Regen+ Str-4 Int+2}
rNeg   . . .     Faith    .     (shield currently unavailable)
rPois  +         Spirit   .     Y - +0 hat "Oczut" {Str+3 Int+4}
rElec  .         Dismiss  .     C - +1 cloak {+Inv}
rCorr  .         Reflect  .     b - +2 pair of gloves {Str+3}
SustAt .         Harm     .     S - +0 pair of boots {Fly}
MR     ++...                    x - amulet of regeneration
Stlth  ..........               y - ring "Rucsen" {rPois Dex-2 Slay+2 Stlth+}
                                W - ring of see invisible

@: about to teleport, flying, very slightly contaminated, very resistant to
hostile enchantments, extremely unstealthy
A: retaliatory headbutt, beak, horns 2, slimy green scales 1, cold resistance 1,
fire resistance 1, magic resistance 1, eyeballs 1, translucent skin 1
a: Recite, Vitalisation, Imprison, Sanctuary, Donate Gold, Cure All Mutations,
Renounce Religion, Evoke Invisibility, Stop Flying
}: 1/15 runes: serpentine


You were on level 2 of the Abyss.
You worshipped Zin.
Zin was exalted by your worship.
You were hungry.

You visited 8 branches of the dungeon, and saw 41 of its levels.
You visited the Abyss 3 times.
You visited 1 bazaar.
You also visited: Labyrinth.

You collected 6680 gold pieces.
You spent 2332 gold pieces at shops.
You donated 3415 gold pieces to Zin.

Inventory:

Hand Weapons
 E - the +10 battleaxe "Huapi" (weapon) {chop, MP+9 Dex+3, First Oka gift}
   (Okawaru gifted it to you on level 9 of the Dungeon)

   It inflicts extra damage upon your enemies.
   It affects your dexterity (+3).
   It affects your magic capacity (+9).
 F - the +6 battleaxe of Awkwardness {vamp, MR+ Str+4 SInv}
   (Okawaru gifted it to you on level 6 of the Lair of Beasts)

   It inflicts no extra harm, but heals its wielder somewhat when it strikes a
   living foe.
   It affects your strength (+4).
   It affects your resistance to hostile enchantments.
   It lets you see invisible.
   Zin disapproves of the use of such an item.
 V - a +2 executioner's axe of flaming
Armour
 b - a +2 pair of gloves of strength (worn)
 c - a +1 pair of boots of running
 v - the +2 plate armour "Vodix" (worn) {rF++ Regen+ Str-4 Int+2}
   (Okawaru gifted it to you on level 1 of the Vaults)

   It affects your strength (-4).
   It affects your intelligence (+2).
   It greatly protects you from fire.
   It increases your rate of regeneration.
 C - a +1 cloak of invisibility (worn)
 N - a +0 crystal plate armour {Second Oka gift}
 S - a +0 pair of boots of flying (worn)
 Y - the +0 hat "Oczut" (worn) {Str+3 Int+4}
   (Okawaru gifted it to you on level 1 of the Lair of Beasts)

   It affects your strength (+3).
   It affects your intelligence (+4).
Jewellery
 k - an uncursed ring of protection from cold
 x - an amulet of regeneration (around neck)
 y - the ring "Rucsen" (right hand) {rPois Dex-2 Slay+2 Stlth+}
   (You found it on level 3 of the Elven Halls)

   [ring of poison resistance]

   It affects your dexterity (-2).
   It affects your accuracy and damage with ranged weapons and melee attacks
   (+2).
   It protects you from poison.
   It makes you more stealthy.
 W - a ring of see invisible (left hand)
Wands
 a - a wand of teleportation (3/9)
Scrolls
 i - 9 scrolls of magic mapping
 j - 23 scrolls of remove curse
 m - 6 scrolls of fog
 n - 9 scrolls of identify
 r - 8 scrolls of enchant armour
 u - 4 scrolls of blinking
 w - 2 scrolls of holy word
 A - a scroll of silence
 B - 9 scrolls of recharging
 H - a scroll of summoning
 I - 6 scrolls of teleportation
 T - 7 scrolls of enchant weapon
Potions
 d - 10 potions of might
 e - 6 potions of cure mutation
 g - 21 potions of curing
 l - 3 potions of magic
 p - 7 potions of haste
 q - 2 potions of resistance
 t - 7 potions of agility
 z - 4 potions of berserk rage
 M - 11 potions of brilliance
 O - 6 potions of cancellation
 P - a potion of experience
 Q - 3 potions of invisibility
 R - a potion of beneficial mutation
 Z - 10 potions of heal wounds
Books
 X - a book of Enchantments

   Spells                             Type                      Level
   a - Cause Fear                     Hexes                        4
   b - Yara's Violent Unravelling     Hexes/Transmutation          5
   c - Silence                        Hexes/Air                    5
   d - Deflect Missiles               Charms/Air                   6
   e - Haste                          Charms                       6
   f - Discord                        Hexes                        8
Miscellaneous
 G - a legendary deck of summoning
 J - a plain deck of changes
 K - 2 phantom mirrors
Comestibles
 f - 17 bread rations
 h - 21 royal jellies
 o - 4 slices of pizza
 s - 31 meat rations
 D - 31 fruits


   Skills:
 - Level 25.0 Fighting
 O Level 27 Axes
 - Level 19.0 Armour
 - Level 22.1 Dodging
   Level 3.6 Shields
 * Level 8.3 Spellcasting
 * Level 8.9 Necromancy
 * Level 2.5 Transmutations
 - Level 3.0 Invocations


You had 12 spell levels left.
You knew the following spells:

 Your Spells              Type           Power        Failure   Level  Hunger
a - Regeneration          Chrm/Necr      ###.......   38%         3    ##.....
b - Necromutation         Trmt/Necr      ###.......   100%        8    #######
c - Death's Door          Chrm/Necr      ###.......   100%        8    #######
d - Borgnjor's Revivific  Necr           ####......   100%        8    #######


Dungeon Overview and Level Annotations

Branches:
Dungeon (15/15)            Temple (1/1) D:7            Lair (8/8) D:9
 Shoals (0/4) Lair:6        Snake (4/4) Lair:6        Slime (0/6) Lair:7
    Orc (2/2) D:11            Elf (3/3) Orc:2        Vaults (4/5) D:14
  Crypt (0/3) Vaults:3     Depths (4/5) D:15

Altars:
Ashenzari
Cheibriados
Dithmenos
Elyvilon
Fedhas
Gozag
Kikubaaqudgha
Makhleb
Nemelex Xobeh
Okawaru
Pakellas
Qazlal
Ru
Sif Muna
Trog
Vehumet
Xom
Yredelemnul
Zin
The Shining One
Beogh
Jiyva
Lugonu

Shops:
D:9 !   D:12 *   Orc:2 **[=   Elf:3 :   Snake:1 ?   Vaults:3 [[*

Portals:
Hell: Depths:1 Depths:2 Depths:3 Depths:4
Abyss: Depths:3 Depths:4
Pandemonium: Depths:1 Depths:3 Depths:4
Ziggurat: Depths:4
Trove: Vaults:2 (give 9 potions of haste)

Annotations:
Lair:3 exclusion: 3 oklob plants


Innate Abilities, Weirdness & Mutations

You reflexively headbutt those who attack you in melee.
You have a pair of horns on your head.
You have a beak for a mouth.
You are partially covered in slimy green scales (AC +2).
Your flesh is cold resistant.
Your flesh is heat resistant.
You are resistant to hostile enchantments.
Your body is partially covered in golden eyeballs (Acc +3).
Your skin is partially translucent (Stealth, -foe acc).


Message History

Unknown command.
You are covered in liquid flames!
The deep elf mage gestures wildly while chanting.
The deep elf mage blinks!
A small abomination comes into view.
The small abomination moves out of view.
Found a shiny chain mail.
The deep elf mage gestures at you while chanting.
The bolt of lightning hits the ufetubus.
The ufetubus dies!
The bolt of lightning misses you.
The bolt of lightning hits the small abomination.
The small abomination is destroyed!
The deep elf mage points at you and mumbles some strange words.
The bolt of lightning hits the ufetubus.
The ufetubus dies!
The bolt of lightning hits you!
* * * LOW HITPOINT WARNING * * *
The bolt of lightning hits you!
You die...

... ## ..# ..
.### .# .#. [# .
#.. #.# ....#..
..###
....§#.#.§..#
....#..@###.##
....§.#..§...#
....§.#5.##§...
....#..§#§.#
......§##..##.#
.....5.##..e..#
#.....5..#..#..#
...X.#....#..#.#
.....#.5.#.§##..#


You could see a deep elf mage, a white imp and an ufetubus.

Vanquished Creatures
  An ancient lich (Abyss:2)
  Sojobo (Vaults:4)
  Boris (Depths:4)
  Saint Roka (Snake:2)
  Margery (Vaults:2)
  Norris (Depths:1)
  A caustic shrike (Depths:2)
  3 bone dragons
  A tentacled monstrosity (Vaults:1)
  3 liches
  11 deep elf blademasters
  5 deep elf master archers
  11 titans
  2 Executioners
  20 tentacled starspawn
  A kraken (Abyss:1)
  A sphinx (Depths:4)
  8 tengu reavers
  Roxanne (Elf:3)
  The ghost of Shenda the Impaler, an adept MiFi of the Shining One (Elf:2)
  A storm dragon (Vaults:3)
  10 fire giants
  9 greater nagas
  A revenant (Abyss:2)
  2 iron dragons
  A draconian knight (Abyss:1)
  An orc warlord (Orc:2)
  Maud (Lair:8)
  15 frost giants
  Louise (Elf:3)
  9 deep elf sorcerers
  A balrug (Abyss:3)
  Aizul (Snake:1)
  8 vault wardens
  2 angels
  4 cacodemons
  A reaper (Abyss:2)
  12 deep elf elementalists
  16 very ugly things
  A spriggan defender (Depths:4)
  18 ironheart preservers
  25 stone giants
  Nessos (Lair:8)
  A green draconian (Abyss:3)
  2 vampire knights
  3 lorocyprocas
  A black draconian (Abyss:1)
  A dire elephant (D:15)
  5 deep elf annihilators (Elf:3)
  4 deep elf demonologists (Elf:3)
  A white draconian (Depths:4)
  Azrael (D:14)
  6 spark wasps
  Snorg (Lair:8)
  2 green deaths
  4 deep elf death magi
  Josephine (Lair:6)
  10 ettins
  2 eidola (Abyss:1)
  Erolcha (D:9)
  A great orb of eyes (shapeshifter) (Depths:2)
  6 fire dragons
  A minotaur (Lab)
  2 jiangshi (Depths:2)
  5 deep elf high priests
  An entropy weaver (Depths:4)
  8 ice dragons
  6 vault guards
  A hydra (shapeshifter) (Abyss:3)
  9 yaktaur captains
  5 great orbs of eyes
  4 rakshasas
  4 hydras
  2 catoblepae
  10 centaur warriors
  19 naga warriors
  A spriggan air mage (Depths:2)
  19 anacondas
  Erica (D:9)
  8 hell hogs
  33 dancing weapons
  3 deep troll shamans
  A death ooze (Abyss:2)
  4 death knights
  A queen ant (Lair:4)
  14 ogre magi
  9 death yaks
  21 thrashing horrors
  7 shock serpents
  5 tengu warriors
  37 small abominations
  3 vampire magi
  5 orc high priests (Orc:2)
  6 deep troll earth magi
  4 spriggan berserkers
  17 naga sharpshooters
  A sun demon (Abyss:3)
  Nergalle (Lair:4)
  32 deep elf knights
  3 spatial maelstroms
  23 hell knights
  2 skeletal warriors (Abyss:3)
  A fire crab (shapeshifter) (Vaults:1)
  6 salamander mystics
  6 shadow wraiths
  A swamp dragon (shapeshifter) (Abyss:1)
  25 deep trolls
  6 unseen horrors
  2 fire crabs
  3 wizards
  15 wretched stars
  25 deep elf archers
  6 phantasmal warriors
  10 naga ritualists
  8 ironbrand convokers
  2 flayed ghosts
  5 hill giants
  The ghost of turtle the Grappler, a novice TrWr of Cheibriados (Lair:1)
  7 giant orange brains
  An anubis guard (shapeshifter) (Abyss:2)
  3 necromancers
  2 shadow demons (Abyss:2)
  9 orc knights
  A harpy (shapeshifter) (Vaults:3)
  A shining eye (Abyss:2)
  4 griffons
  65 deep elf magi
  5 cyclopes
  7 wolf spiders
  A stone giant zombie (Abyss:2)
  52 ugly things
  A mana viper (shapeshifter) (Depths:3)
  5 orc sorcerers
  A fire giant zombie (Vaults:4)
  15 mana vipers
  5 salamanders
  3 manticores
  A hornet (Vaults:2)
  9 sixfirhies
  8 worldbinders
  6 elephants (Lair:8)
  4 apocalypse crabs
  2 rust devils
  41 black mambas
  3 vault sentinels
  5 guardian serpents
  A siren (Lair:6)
  36 naga magi
  13 smoke demons
  Psyche (D:9)
  2 torpor snails
  9 orange demons
  A titan simulacrum (Vaults:4)
  2 kobold demonologists (Vaults:1)
  13 komodo dragons
  A gargoyle (D:11)
  26 yaktaurs
  21 spiny frogs
  A demonic crawler (Abyss:2)
  8 freezing wraiths
  2 hellwings
  46 starcursed masses
  2 tengu conjurers
  3 rime drakes
  A yaktaur (shapeshifter) (Vaults:3)
  2 ice devils
  6 efreet
  2 red devils (Abyss:3)
  10 trolls
  A human skeleton (Vaults:1)
  33 large abominations
  9 ancient zymes
  A jumping spider (shapeshifter) (D:14)
  A queen bee (D:12)
  35 two-headed ogres
  A troll (shapeshifter) (Vaults:1)
  A two-headed ogre (shapeshifter) (Vaults:1)
  A giant leech (Lair:8)
  57 raiju
  23 slime creatures
  A stone giant simulacrum (Vaults:1)
  36 blink frogs
  6 boulder beetles
  6 air elementals
  7 flying skulls (Abyss:2)
  A black mamba zombie (Abyss:2)
  3 redbacks (Vaults:2)
  5 water elementals
  A vampire (D:14)
  12 wraiths
  7 ynoxinuls
  2 tarantellas (shapeshifter)
  3 shadows
  48 yaks
  A spriggan (Lair:1)
  A fire bat (Abyss:1)
  A human (shapeshifter) (Vaults:3)
  A steam dragon (D:7)
  4 basilisks
  10 fire elementals
  4 hungry ghosts
  8 neqoxecs
  Grum (D:9)
  A golden eye (shapeshifter) (Vaults:1)
  A golden eye (Abyss:1)
  13 vampire mosquitoes
  Menkaure (D:5)
  13 hippogriffs
  6 chaos spawn
  3 wargs
  13 insubstantial wisps
  3 mottled dragons
  A spatial vortex (Abyss:2)
  20 soldier ants (Lair:4)
  50 nagas
  A hell hound (Abyss:2)
  21 water moccasins
  10 porcupines
  55 orc warriors
  3 human zombies
  2 black bears
  8 eyes of draining
  3 phantoms
  3 sky beasts
  69 ogres
  2 spiny frog skeletons (Abyss:2)
  A necrophage (D:11)
  16 centaurs
  12 wolves
  7 boggarts
  16 crocodiles
  3 big kobolds
  45 giant frogs
  A glowing shapeshifter simulacrum (Vaults:4)
  An earth elemental (Elf:1)
  A wyvern skeleton (D:11)
  5 scorpions
  20 killer bees (D:12)
  6 wights
  4 howler monkeys
  6 electric eels
  5 centaur zombies
  5 crimson imps
  2 giant frog zombies
  5 quasits
  Crazy Yiuf (D:6)
  38 orc priests
  A wasp zombie (D:12)
  7 hounds
  30 orc wizards
  A gnoll shaman (Orc:2)
  3 centaur skeletons
  28 jellies
  3 iron imps (Abyss:2)
  3 giant frog skeletons
  12 iguanas
  10 hell rats (Lair:4)
  33 worker ants
  2 killer bee zombies
  6 sheep (Lair:1)
  A hound zombie (D:9)
  A hound skeleton (D:4)
  7 gnolls
  11 adders
  59 river rats
  2 shadow imps
  4 white imps
  7 ufetubi
  6 oozes
  An adder skeleton (D:4)
  A worm (D:2)
  2 dart slugs
  6 giant geckos
  156 orcs
  2 ball pythons
  9 giant cockroaches
  11 goblins
  15 hobgoblins
  7 jackals
  3 quokkas
  18 bats
  A giant gecko skeleton (D:5)
  3 giant newts
  15 kobolds
  2 quokka skeletons (D:6)
  44 rats
  A crawling corpse (Elf:3)
  5 fungi
  A lurking horror (Abyss:2)
  8 plants
  37 starspawn tentacles
  4 tentacles (Abyss:1)
2628 creatures vanquished.

Vanquished Creatures (others)
  A fire giant (Abyss:2)
  2 stone giants (Abyss:2)
  A deep elf high priest (Elf:3)
  A great orb of eyes (Depths:4)
  3 deep elf knights
  A naga mage (Snake:4)
  A blink frog (Lair:8)
  A naga (Snake:4)
  2 ogres (Depths:4)
  A small abomination (Abyss:2)
  11 jellies
  10 fungi
  5 lurking horrors
  5 plants
  32 starspawn tentacles
  522 starspawn tentacle segments
  5 tentacles (Abyss:1)
  244 tentacle segments (Abyss:1)
848 creatures vanquished.

Grand Total: 3476 creatures vanquished

Notes
Turn   | Place    | Note
--------------------------------------------------------------
     0 | D:1      | Moloch the Minotaur Fighter began the quest for the Orb.
     0 | D:1      | Reached XP level 1. HP: 19/19 MP: 0/0
    13 | D:1      | Reached skill level 3 in Axes
    53 | D:1      | Reached XP level 2. HP: 21/26 MP: 1/1
   519 | D:1      | Reached skill level 4 in Axes
   677 | D:2      | Reached XP level 3. HP: 31/31 MP: 2/2
   863 | D:2      | Found an ancient bone altar of Kikubaaqudgha.
  1287 | D:2      | Reached skill level 5 in Axes
  1416 | D:2      | Found a snail-covered altar of Cheibriados.
  1478 | D:3      | Reached XP level 4. HP: 35/39 MP: 3/3
  1501 | D:3      | Found a glowing golden altar of the Shining One.
  1738 | D:3      | Reached skill level 6 in Axes
  1922 | D:3      | Reached XP level 5. HP: 34/45 MP: 4/4
  1958 | D:3      | Found a deep blue altar of Sif Muna.
  2196 | D:4      | Reached skill level 7 in Axes
  2408 | D:4      | Found an iron altar of Okawaru.
  2418 | D:4      | Became a worshipper of Warmaster Okawaru
  2448 | D:4      | Noticed an ogre
  2460 | D:4      | HP: 1/46 [ogre/giant club (27)]
  2617 | D:4      | Killed an ogre
  2617 | D:4      | Reached XP level 6. HP: 52/52 MP: 5/5
  2677 | D:4      | Reached skill level 8 in Axes
  3142 | D:5      | Entered Level 5 of the Dungeon
  3154 | D:5      | Reached * piety under Okawaru
  3198 | D:5      | Found a glowing silver altar of Zin.
  3221 | D:5      | Noticed Menkaure
  3226 | D:5      | Killed Menkaure
  3226 | D:5      | Reached skill level 9 in Axes
  3226 | D:5      | Reached XP level 7. HP: 59/59 MP: 6/6
  3364 | D:5      | Found a basalt altar of Yredelemnul.
  3364 | D:5      | Found a radiant altar of Vehumet.
  3670 | D:5      | Found a stormy altar of Qazlal.
  3784 | D:6      | Reached skill level 10 in Axes
  3802 | D:6      | Reached ** piety under Okawaru
  3944 | D:6      | Found a burning altar of Makhleb.
  4195 | D:6      | Reached skill level 5 in Fighting
  4221 | D:6      | Reached XP level 8. HP: 68/68 MP: 7/7
  4271 | D:6      | Noticed Crazy Yiuf
  4275 | D:6      | Killed Crazy Yiuf
  4325 | D:6      | Reached skill level 11 in Axes
  4631 | D:7      | Found a white marble altar of Elyvilon.
  4732 | D:7      | Reached *** piety under Okawaru
  4732 | D:7      | Reached skill level 12 in Axes
  4828 | D:7      | Found a staircase to the Ecumenical Temple.
  4849 | Temple   | Entered the Ecumenical Temple
  5111 | D:7      | Reached XP level 9. HP: 78/78 MP: 8/8
  5822 | D:8      | Reached skill level 13 in Axes
  5899 | D:8      | Found an opulent altar of Gozag.
  5920 | D:8      | Reached **** piety under Okawaru
  5927 | D:8      | Noticed a troll
  5934 | D:8      | Killed a troll
  6231 | D:9      | Noticed Erica
  6247 | D:9      | Killed Erica
  6247 | D:9      | Reached ***** piety under Okawaru
  6247 | D:9      | Reached skill level 14 in Axes
  6290 | D:9      | Noticed Grum
  6295 | D:9      | Noticed Erolcha
  6301 | D:9      | Paralysed by Erolcha for 3 turns
  6307 | D:9      | Killed Erolcha
  6307 | D:9      | Received a gift from Okawaru
  6307 | D:9      | Reached skill level 15 in Axes
  6307 | D:9      | Reached XP level 10. HP: 57/90 MP: 7/9
  6310 | D:9      | Killed Grum
  6320 | D:9      | Got a faintly glowing battleaxe {god gift}
  6373 | D:9      | Identified the +10 battleaxe "Huapi" {chop, MP+9 Dex+3} (Okawaru gifted it to you on level 9 of the Dungeon)
  6390 | D:9      | Noticed Psyche
  6399 | D:9      | Killed Psyche
  6405 | D:9      | Found Ebofekop's Distillery.
  6414 | D:9      | Bought a potion of might for 68 gold pieces
  6498 | D:9      | Found a staircase to the Lair.
  6939 | D:10     | Entered Level 10 of the Dungeon
  7006 | D:10     | Reached skill level 16 in Axes
  7393 | D:10     | Found a stormy altar of Qazlal.
  7430 | D:10     | Found a roughly hewn altar of Beogh.
  7784 | D:11     | Reached skill level 17 in Axes
  7785 | D:11     | Reached XP level 11. HP: 93/97 MP: 10/10
  7832 | D:11     | Noticed a hill giant
  7843 | D:11     | Received a gift from Okawaru
  7915 | D:11     | Killed a hill giant
  8222 | D:11     | Reached ****** piety under Okawaru
  8222 | D:11     | Reached skill level 18 in Axes
  8357 | D:11     | Identified a -2 rod of inaccuracy (14/14) (You found it on level 10 of the Dungeon)
  8679 | D:11     | Killed an unseen horror
  8859 | D:11     | Found a staircase to the Orcish Mines.
  8871 | Orc:1    | Entered Level 1 of the Orcish Mines
  9329 | Lair:1   | Entered Level 1 of the Lair of Beasts
  9347 | Lair:1   | Reached skill level 19 in Axes
  9569 | Lair:1   | Found a burning altar of Makhleb.
  9598 | Lair:1   | Reached XP level 12. HP: 105/105 MP: 11/11
  9771 | Lair:1   | Reached skill level 20 in Axes
  9920 | Lair:1   | Noticed turtle's ghost (novice TrWr)
  9926 | Lair:1   | Killed turtle's ghost
  9926 | Lair:1   | Received a gift from Okawaru
  9929 | Lair:1   | Got a jewelled hat {god gift}
  9935 | Lair:1   | Identified the +0 hat "Oczut" {Str+3 Int+4} (Okawaru gifted it to you on level 1 of the Lair of Beasts)
 10289 | Lair:2   | Reached skill level 1 in Dodging
 10463 | Lair:2   | Reached skill level 10 in Fighting
 10694 | Lair:2   | Reached skill level 5 in Armour
 10736 | Lair:2   | Noticed a four-headed hydra
 10745 | Lair:2   | Killed a nine-headed hydra
 11042 | Lair:3   | Found a labyrinth entrance.
 11051 | Lab      | Entered a labyrinth
 11330 | Lab      | Noticed a minotaur
 11339 | Lab      | Killed a minotaur
 11379 | Lab      | Identified a +4 rod of shadows (13/13) (You found it in a labyrinth)
 12295 | Lair:4   | Noticed Nergalle
 12332 | Lair:4   | Killed Nergalle
 12468 | Lair:4   | Reached XP level 13. HP: 102/116 MP: 12/12
 12488 | Lair:4   | Received a gift from Okawaru
 12502 | Lair:4   | Reached skill level 5 in Dodging
 12736 | Lair:4   | Received a gift from Okawaru
 12830 | Lair:4   | Reached skill level 21 in Axes
 13204 | Lair:4   | Learned a level 3 spell: Regeneration
 14299 | Lair:6   | Found a staircase to the Snake Pit.
 14340 | Lair:6   | Got a crude chain mail
 14351 | Lair:6   | Identified the +5 chain mail of the Butterfly {rPois Dex+5} (You found it on level 6 of the Lair of Beasts)
 14492 | Lair:6   | Found a staircase to the Shoals.
 14641 | Lair:6   | Received a gift from Okawaru
 14645 | Lair:6   | Got a fine battleaxe {god gift}
 14649 | Lair:6   | Identified the +6 battleaxe of Awkwardness {vamp, MR+ Str+4 SInv} (Okawaru gifted it to you on level 6 of the Lair of Beasts)
 14765 | Lair:6   | Noticed Josephine
 14774 | Lair:6   | Reached skill level 10 in Dodging
 14778 | Lair:6   | Killed Josephine
 15287 | Lair:7   | Received a gift from Okawaru
 15293 | Lair:7   | Got a ripped robe {god gift}
 15304 | Lair:7   | Identified the +2 robe of the Armoured One {rC+ MP+9 Dex+5} (Okawaru gifted it to you on level 7 of the Lair of Beasts)
 15491 | Lair:7   | Reached XP level 14. HP: 124/124 MP: 11/13
 15867 | Lair:7   | Found a staircase to the Slime Pits.
 15868 | Lair:7   | Found a viscous altar of Jiyva.
 15996 | Lair:8   | Entered Level 8 of the Lair of Beasts
 16035 | Lair:8   | Reached skill level 15 in Dodging
 16115 | Lair:8   | Noticed Maud
 16127 | Lair:8   | Killed Maud
 16321 | Lair:8   | Noticed Snorg
 16327 | Lair:8   | Killed Snorg
 16362 | Lair:8   | Reached skill level 22 in Axes
 16454 | Lair:8   | Noticed Nessos
 16488 | Lair:8   | Killed Nessos
 16488 | Lair:8   | Received a gift from Okawaru
 16497 | Lair:8   | Got a faintly glowing buckler {god gift}
 17106 | Orc:2    | Entered Level 2 of the Orcish Mines
 17617 | Orc:2    | Found a roughly hewn altar of Beogh.
 17646 | Orc:2    | Reached skill level 1 in Invocations
 17720 | Orc:2    | Found Weath's Jewellery Boutique.
 17750 | Orc:2    | Found Hobovofu's Armour Shop.
 17766 | Orc:2    | Bought a +0 pair of boots of flying for 161 gold pieces
 17879 | Orc:2    | Reached XP level 15. HP: 133/133 MP: 15/15
 18115 | Orc:2    | Found a staircase to the Elven Halls.
 18294 | Orc:2    | Found Durchaot's General Store.
 18318 | Orc:2    | Bought a scroll of blinking for 97 gold pieces
 18335 | Orc:2    | Noticed an orc warlord
 18336 | Orc:2    | Found a roughly hewn altar of Beogh.
 18346 | Orc:2    | Killed an orc warlord
 18435 | Orc:2    | Found Kops's General Store.
 18453 | Orc:2    | Bought a scroll of blinking for 97 gold pieces
 18453 | Orc:2    | Bought a scroll of silence for 97 gold pieces
 18453 | Orc:2    | Bought a potion of mutation for 32 gold pieces
 19359 | D:12     | Received a gift from Okawaru
 19442 | D:12     | Found Tievviam's Assorted Antiques.
 19445 | D:12     | Bought a scroll labeled YCLIUR FISS for 24 gold pieces
 19445 | D:12     | Bought a scroll labeled YCLIUR FISS for 24 gold pieces
 20455 | D:14     | Noticed Azrael
 20466 | D:14     | Killed Azrael
 20580 | D:14     | You are sucked into a shaft!
 20580 | D:15     | Entered Level 15 of the Dungeon
 20588 | D:15     | Reached skill level 1 in Spellcasting
 21074 | D:15     | Received a gift from Okawaru
 21116 | D:15     | Found a staircase to the Depths.
 21846 | D:14     | Found a gate to the Vaults.
 21936 | D:14     | Found a sacrificial altar of Ru.
 22271 | Lair:6   | Received a gift from Okawaru
 22284 | Snake:1  | Entered Level 1 of the Snake Pit
 22286 | Snake:1  | Noticed Aizul
 22300 | Snake:1  | Killed Aizul
 22317 | Snake:1  | Gained mutation: You are dopey. (Int -2) [mutagenic meat]
 22318 | Snake:1  | Gained mutation: You are clumsy. (Dex -2) [mutagenic meat]
 22319 | Snake:1  | Gained mutation: You are resistant to hostile enchantments. [mutagenic meat]
 22322 | Snake:1  | Gained mutation: You have a beak for a mouth. [mutagenic meat]
 22358 | Snake:1  | Reached XP level 16. HP: 137/146 MP: 17/17
 22629 | Snake:1  | Reached skill level 23 in Axes
 22687 | Snake:1  | Reached skill level 10 in Armour
 22948 | Snake:1  | Found Jeham's Magic Scroll Shop.
 23045 | Snake:1  | Received a gift from Okawaru
 23057 | Snake:1  | Got a scorched battleaxe {god gift}
 23058 | Snake:1  | Identified the +2 battleaxe "Rocu" {drain, rC+} (Okawaru gifted it to you on level 1 of the Snake Pit)
 23122 | Snake:1  | Got a heavily runed ring mail
 23133 | Snake:1  | Identified the cursed +0 ring mail "Zottiagg" {Dex+6 SInv} (You found it on level 1 of the Snake Pit)
 23594 | Snake:2  | Reached skill level 15 in Fighting
 23732 | Snake:2  | Noticed Saint Roka
 23767 | Snake:2  | Killed Saint Roka
 24685 | Snake:3  | Received a gift from Okawaru
 24884 | Snake:3  | Received a gift from Okawaru
 24947 | Snake:3  | Reached XP level 17. HP: 158/158 MP: 18/18
 25417 | Snake:4  | Entered Level 4 of the Snake Pit
 25715 | Snake:4  | Reached skill level 24 in Axes
 26185 | Snake:4  | Received a gift from Okawaru
 26732 | Snake:3  | Received a gift from Okawaru
 27350 | Snake:4  | Received a gift from Okawaru
 27513 | Snake:4  | Got a serpentine rune of Zot
 28101 | Vaults:1 | Entered Level 1 of the Vaults
 28118 | Vaults:1 | Reached XP level 18. HP: 171/171 MP: 19/19
 28345 | Vaults:1 | Gained mutation: You have sharp toenails. [mutagenic meat]
 28346 | Vaults:1 | Gained mutation: Your system is resistant to poisons. [mutagenic meat]
 28347 | Vaults:1 | Lost mutation: Your system is resistant to poisons. [mutagenic meat]
 28348 | Vaults:1 | Lost mutation: You are resistant to hostile enchantments. [mutagenic meat]
 28349 | Vaults:1 | Gained mutation: Your spells are a little easier to cast, but a little less powerful. [mutagenic meat]
 28350 | Vaults:1 | Lost mutation: Your spells are a little easier to cast, but a little less powerful. [mutagenic meat]
 28352 | Vaults:1 | Gained mutation: You occasionally shout uncontrollably at your foes. [mutagenic meat]
 28353 | Vaults:1 | Lost mutation: You are clumsy. (Dex -2) [mutagenic meat]
 28354 | Vaults:1 | Gained mutation: You are partially covered in yellow scales (AC +2). [mutagenic meat]
 28355 | Vaults:1 | Gained mutation: You have razor-sharp toenails. [mutagenic meat]
 28356 | Vaults:1 | Gained mutation: You are frail (-10% HP). [mutagenic meat]
 28357 | Vaults:1 | Gained mutation: Scrolls take you a little longer to read. [mutagenic meat]
 28358 | Vaults:1 | Gained mutation: You expend magic power (3 MP) to strengthen your wands. [mutagenic meat]
 28511 | Vaults:1 | Gained mutation: You are partially covered in rough black scales (AC +4, Dex -1). [mutagenic meat]
 28526 | Vaults:1 | Noticed a tentacled monstrosity
 28536 | Vaults:1 | Killed a tentacled monstrosity
 28543 | Vaults:1 | Received a gift from Okawaru
 28546 | Vaults:1 | Got a shimmering plate armour {god gift}
 28557 | Vaults:1 | Identified the +2 plate armour "Vodix" {rF++ Regen+ Str-4 Int+2} (Okawaru gifted it to you on level 1 of the Vaults)
 28902 | Vaults:1 | Reached skill level 15 in Armour
 29193 | Vaults:2 | Received a gift from Okawaru
 29620 | Vaults:2 | Noticed Margery
 29637 | Vaults:2 | Killed Margery
 29640 | Vaults:2 | Reached XP level 19. HP: 162/166 MP: 20/20
 29761 | Vaults:2 | Found a portal to a secret trove of treasure.
 30272 | Vaults:3 | Found Gozag's Antique Armour Emporium.
 30273 | Vaults:3 | Found Gozag's Antique Armour Emporium.
 30291 | Vaults:3 | Received a gift from Okawaru
 30294 | Vaults:3 | Found an opulent altar of Gozag.
 30294 | Vaults:3 | Found Gozag's Assorted Antiques.
 30316 | Vaults:3 | Lost mutation: You are frail (-10% HP). [mutagenic meat]
 30693 | Vaults:3 | Received a gift from Okawaru
 30768 | Vaults:3 | Gained mutation: You are weak. (Str -2) [mutagenic meat]
 30770 | Vaults:3 | Gained mutation: You are clumsy. (Dex -2) [mutagenic meat]
 31030 | Vaults:3 | Found a staircase to the Crypt.
 31380 | Vaults:3 | Lost mutation: You expend magic power (3 MP) to strengthen your wands. [mutagenic meat]
 31864 | Vaults:4 | Identified a scroll of acquirement
 31868 | Vaults:4 | Got a pair of translucent gloves
 31879 | Vaults:4 | Identified the +0 pair of gloves of Uffefadd {MP+9} (You acquired it on level 4 of the Vaults)
 31918 | Vaults:4 | Received a gift from Okawaru
 32049 | Vaults:4 | Reached skill level 1 in Necromancy
 32272 | Vaults:4 | Noticed Sojobo
 32305 | Vaults:4 | Killed Sojobo
 32305 | Vaults:4 | Received a gift from Okawaru
 32305 | Vaults:4 | Reached XP level 20. HP: 96/202 MP: 22/22
 32418 | Vaults:4 | Received a gift from Okawaru
 33320 | Orc:2    | Gained mutation: You possess an exceptional clarity of mind. [potion of mutation]
 33320 | Orc:2    | Gained mutation: You have claws for feet. [potion of mutation]
 33321 | Orc:2    | Gained mutation: You regenerate slowly when monsters are visible. [potion of mutation]
 33322 | Orc:2    | Bought an uncursed ring of protection from cold for 275 gold pieces
 33393 | Elf:1    | Entered Level 1 of the Elven Halls
 33778 | Elf:1    | Lost mutation: You are dopey. (Int -2) [potion of cure mutation]
 33778 | Elf:1    | Lost mutation: You occasionally shout uncontrollably at your foes. [potion of cure mutation]
 33778 | Elf:1    | Lost mutation: You have a beak for a mouth. [potion of cure mutation]
 33778 | Elf:1    | Lost mutation: You have claws for feet. [potion of cure mutation]
 33778 | Elf:1    | Lost mutation: You have razor-sharp toenails. [potion of cure mutation]
 34136 | Elf:2    | Found a flickering gateway to a bazaar.
 34156 | Bazaar   | Entered a bazaar
 34156 | Bazaar   | Found Tatec's Gadget Emporium.
 34163 | Bazaar   | Found Huiwij's Antique Armour Shop.
 34164 | Bazaar   | Found Wyatziy's General Store.
 34250 | Bazaar   | Found Qocunihi's Antique Weapon Boutique.
 34252 | Bazaar   | Found Wuel's Magic Scroll Boutique.
 34267 | Bazaar   | Bought a scroll of acquirement for 364 gold pieces
 34267 | Bazaar   | Bought a scroll of blinking for 52 gold pieces
 34267 | Bazaar   | Bought a scroll of enchant weapon for 52 gold pieces
 34275 | Bazaar   | Got a pair of fine gloves
 34286 | Bazaar   | Identified the -3 pair of gloves "Mucveal" {Stlth+} (You acquired it in a bazaar)
 34325 | Bazaar   | Bought 2 potions of curing for 90 gold pieces
 34325 | Bazaar   | Bought a potion of heal wounds for 75 gold pieces
 34381 | Elf:2    | Noticed Shenda's ghost (adept MiFi)
 34397 | Elf:2    | Killed Shenda's ghost
 34707 | Elf:2    | Found a huge runed gate.
 34707 | Elf:2    | Found a huge runed gate.
 34707 | Elf:2    | Found a huge runed gate.
 34710 | Elf:2    | Found a huge runed gate.
 34711 | Elf:2    | Found a huge runed gate.
 34812 | Elf:2    | Received a gift from Okawaru
 35224 | Elf:3    | Entered Level 3 of the Elven Halls
 35313 | Elf:3    | Noticed Roxanne
 35529 | Elf:3    | Found Fiuckerr's Book Emporium.
 35624 | Elf:3    | Reached XP level 21. HP: 142/214 MP: 22/25
 35857 | Elf:3    | Received a gift from Okawaru
 36273 | Elf:3    | Got an ancient pewter ring
 36276 | Elf:3    | Identified the ring "Rucsen" {rPois Dex-2 Slay+2 Stlth+} (You found it on level 3 of the Elven Halls)
 36436 | Elf:3    | Received a gift from Okawaru
 36483 | Elf:3    | Identified the Tome of the Nine Stars
 36549 | Elf:3    | Learned a level 8 spell: Necromutation
 36558 | Elf:3    | Learned a level 8 spell: Death's Door
 36573 | Elf:3    | Learned a level 8 spell: Borgnjor's Revivification
 36616 | Elf:3    | Got a transparent ivory ring
 36618 | Elf:3    | Identified the ring of Xuefuor {+Fly Dex+2} (You found it on level 3 of the Elven Halls)
 37107 | Elf:3    | Killed Roxanne
 37324 | Elf:3    | Noticed Louise
 37338 | Elf:3    | Killed Louise
 37777 | Depths:1 | Entered Level 1 of the Depths
 37883 | Depths:1 | Lost mutation: You are clumsy. (Dex -2) [potion of mutation]
 37915 | Depths:1 | Lost mutation: You have sharp toenails. [mutagenic meat]
 37917 | Depths:1 | Lost mutation: Scrolls take you a little longer to read. [mutagenic meat]
 37918 | Depths:1 | Gained mutation: You are resistant to hostile enchantments. [mutagenic meat]
 37919 | Depths:1 | Gained mutation: You evolve. [mutagenic meat]
 37920 | Depths:1 | Lost mutation: You possess an exceptional clarity of mind. [mutagenic meat]
 38010 | Depths:1 | Gained mutation: You are dopey. (Int -2) [mutagenic meat]
 38012 | Depths:1 | Gained mutation: Your spells are a little easier to cast, but a little less powerful. [mutagenic meat]
 38016 | Depths:1 | Gained mutation: You are partially covered in thin metallic scales (AC +2). [mutagenic meat]
 38017 | Depths:1 | Lost mutation: You are dopey. (Int -2) [mutagenic meat]
 38057 | Depths:1 | Found a one-way gate leading to the halls of Pandemonium.
 38159 | Depths:1 | Noticed Norris
 38178 | Depths:1 | Killed Norris
 38234 | Depths:1 | Received a gift from Okawaru
 38286 | Depths:1 | Gained mutation: You are clumsy. (Dex -2) [mutagenic meat]
 38287 | Depths:1 | Gained mutation: You are resistant to electric shocks. [mutagenic meat]
 38290 | Depths:1 | Lost mutation: You are resistant to hostile enchantments. [mutagenic meat]
 38291 | Depths:1 | Gained mutation: You are dopey. (Int -2) [mutagenic meat]
 38315 | Depths:1 | Received a gift from Okawaru
 38336 | Depths:1 | Lost mutation: You are resistant to electric shocks. [mutagenic meat]
 38337 | Depths:1 | Gained mutation: You are covered in fur (AC +1). [mutagenic meat]
 38338 | Depths:1 | Lost mutation: You are dopey. (Int -2) [mutagenic meat]
 38339 | Depths:1 | Lost mutation: You are clumsy. (Dex -2) [mutagenic meat]
 38340 | Depths:1 | Gained mutation: You are agile. (Dex +2) [mutagenic meat]
 38341 | Depths:1 | Gained mutation: You are very agile. (Dex +4) [mutagenic meat]
 38427 | Depths:1 | Found a gateway to Hell.
 38428 | Depths:1 | Gained mutation: You tend to lose your temper in combat. [potion of mutation]
 38972 | Depths:2 | Received a gift from Okawaru
 39010 | Depths:2 | Reached XP level 22. HP: 182/226 MP: 26/26
 39108 | Depths:2 | Noticed a caustic shrike
 39127 | Depths:2 | Killed a caustic shrike
 39255 | Depths:2 | Received a gift from Okawaru
 39377 | Depths:2 | Gained mutation: You are resistant to hostile enchantments. [mutagenic meat]
 39378 | Depths:2 | Gained mutation: You possess an exceptional clarity of mind. [mutagenic meat]
 39380 | Depths:2 | Lost mutation: You tend to lose your temper in combat. [mutagenic meat]
 39733 | Depths:3 | Found a one-way gate to the infinite horrors of the Abyss.
 39984 | Depths:3 | Lost mutation: You are partially covered in yellow scales (AC +2). [mutagenic meat]
 40650 | Depths:3 | Gained mutation: You are dopey. (Int -2) [a neqoxec]
 40656 | Depths:3 | Gained mutation: You occasionally shout uncontrollably at your foes. [a cacodemon]
 40663 | Depths:3 | Received a gift from Okawaru
 40677 | Depths:3 | Identified a +1 pair of boots of running (Okawaru gifted it to you on level 3 of the Depths)
 41245 | Lair:7   | Fell from the grace of Okawaru
 41245 | Lair:7   | Became a worshipper of Jiyva Jempan the Shapeless
 41599 | Lair:7   | Reached * piety under Jiyva
 42088 | Snake:1  | Reached ** piety under Jiyva
 42148 | Snake:2  | Reached *** piety under Jiyva
 42177 | Snake:2  | Gained mutation: You have a small jelly attached to you that senses nearby items. [Jiyva's grace]
 42348 | Snake:3  | Reached **** piety under Jiyva
 42364 | Snake:3  | Lost mutation: You have a small jelly attached to you that senses nearby items. [Jiyva's grace]
 42370 | Snake:3  | Gained mutation: Your skin is partially translucent (Stealth, -foe acc). [Jiyva's grace]
 42371 | Snake:3  | Reached ***** piety under Jiyva
 42380 | Snake:3  | Gained mutation: You have acidic saliva. [Jiyva's grace]
 42454 | Snake:3  | Lost mutation: You are dopey. (Int -2) [Jiyva's grace]
 42512 | Snake:4  | Lost mutation: Your spells are a little easier to cast, but a little less powerful. [Jiyva's power]
 42512 | Snake:4  | Gained mutation: You passively map a small area around you. [Jiyva's grace]
 42543 | Snake:4  | Lost mutation: You have acidic saliva. [Jiyva's grace]
 42558 | Snake:4  | Lost mutation: You are covered in fur (AC +1). [Jiyva's grace]
 42558 | Snake:4  | Reached ****** piety under Jiyva
 42569 | Snake:4  | Lost mutation: Your skin is partially translucent (Stealth, -foe acc). [Jiyva's grace]
 42976 | Orc:2    | Lost mutation: You regenerate slowly when monsters are visible. [Jiyva's grace]
 43000 | Orc:2    | Lost mutation: You are very agile. (Dex +4) [Jiyva's grace]
 43006 | Orc:2    | Lost mutation: You are weak. (Str -2) [Jiyva's power]
 43007 | Orc:2    | Lost mutation: You occasionally shout uncontrollably at your foes. [Jiyva's power]
 43026 | Orc:2    | Gained mutation: You are partially covered in rugged brown scales (AC +1, +3% HP). [Jiyva's grace]
 43048 | Orc:2    | Gained mutation: Your skin is partially translucent (Stealth, -foe acc). [Jiyva's grace]
 43057 | Orc:2    | Lost mutation: You are resistant to hostile enchantments. [Jiyva's grace]
 43073 | Orc:2    | Gained mutation: Armour fits poorly on your pseudopods. [Jiyva's grace]
 43084 | Orc:2    | Lost mutation: You are agile. (Dex +2) [Jiyva's grace]
 43122 | Orc:2    | Lost mutation: You possess an exceptional clarity of mind. [Jiyva's grace]
 43188 | Elf:2    | Gained mutation: You have a beak for a mouth. [Jiyva's grace]
 43255 | Elf:2    | Lost mutation: You are partially covered in thin metallic scales (AC +2). [Jiyva's grace]
 43303 | Elf:2    | Lost mutation: Your skin is partially translucent (Stealth, -foe acc). [Jiyva's grace]
 43375 | Elf:3    | Lost mutation: You are partially covered in rugged brown scales (AC +1, +3% HP). [Jiyva's grace]
 43425 | Elf:3    | Gained mutation: Your skin is partially translucent (Stealth, -foe acc). [Jiyva's grace]
 43478 | Elf:3    | Lost mutation: Armour fits poorly on your pseudopods. [Jiyva's grace]
 43491 | Elf:3    | Lost mutation: You passively map a small area around you. [Jiyva's grace]
 43494 | Elf:3    | Lost mutation: Your skin is partially translucent (Stealth, -foe acc). [Jiyva's grace]
 43516 | Elf:3    | Gained mutation: You have a small jelly attached to you that may absorb incoming projectiles. [Jiyva's grace]
 43526 | Elf:3    | Gained mutation: You have acidic saliva. [Jiyva's grace]
 43539 | Elf:3    | Gained mutation: Your skin is partially translucent (Stealth, -foe acc). [Jiyva's grace]
 43543 | Elf:3    | Lost mutation: You evolve. [Jiyva's grace]
 43549 | Elf:3    | Lost mutation: You have acidic saliva. [Jiyva's grace]
 43610 | Orc:2    | Lost mutation: You are partially covered in rough black scales (AC +4, Dex -1). [Jiyva's grace]
 43742 | D:9      | Bought a potion of curing for 51 gold pieces
 43742 | D:9      | Bought a potion of mutation for 42 gold pieces
 43742 | D:9      | Bought a potion of flight for 51 gold pieces
 43742 | D:9      | Bought a potion of curing for 51 gold pieces
 43742 | D:9      | Bought a potion of cure mutation for 425 gold pieces
 43742 | D:9      | Bought a potion of might for 68 gold pieces
 43742 | D:9      | Bought 2 potions of might for 136 gold pieces
 43742 | D:9      | Gained mutation: Your muscles are strong. (Str +2) [potion of mutation]
 43742 | D:9      | Gained mutation: You passively map a small area around you. [potion of mutation]
 43742 | D:9      | Gained mutation: You tend to lose your temper in combat. [potion of mutation]
 43743 | D:9      | Lost mutation: You tend to lose your temper in combat. [Jiyva's power]
 43983 | Depths:1 | Gained mutation: You possess an exceptional clarity of mind. [Jiyva's grace]
 44048 | Depths:1 | Gained mutation: Your mind is acute. (Int +2) [Jiyva's grace]
 44080 | Depths:1 | Gained mutation: Your skin is mostly translucent (Stealth, -foe acc). [Jiyva's grace]
 44221 | Depths:2 | Gained mutation: Your spells are a little harder to cast, but a little more powerful. [Jiyva's grace]
 44250 | Depths:2 | Lost mutation: Your mind is acute. (Int +2) [Jiyva's grace]
 44306 | Depths:3 | Gained mutation: Your natural rate of healing is unusually fast. [Jiyva's grace]
 44366 | Depths:3 | Lost mutation: Your natural rate of healing is unusually fast. [Jiyva's grace]
 44368 | Depths:3 | Lost mutation: Your muscles are strong. (Str +2) [Jiyva's grace]
 44371 | Depths:3 | Gained mutation: Your spells are harder to cast, but more powerful. [Jiyva's grace]
 44398 | Depths:3 | Lost mutation: Your spells are harder to cast, but more powerful. [Jiyva's grace]
 44548 | Depths:4 | Lost mutation: Your spells are a little harder to cast, but a little more powerful. [Jiyva's grace]
 44613 | Depths:4 | Reached skill level 25 in Axes
 44634 | Depths:4 | Found a corrupted altar of Lugonu.
 44652 | Depths:4 | Gained mutation: Your body is partially covered in golden eyeballs (Acc +3). [Jiyva's grace]
 44690 | Depths:4 | Found a gateway to a ziggurat.
 44709 | Depths:4 | Noticed Boris
 44720 | Depths:4 | Killed Boris
 44882 | Depths:4 | Reached XP level 23. HP: 234/234 MP: 27/27
 44902 | Depths:4 | Lost mutation: You passively map a small area around you. [Jiyva's grace]
 44918 | Depths:4 | Lost mutation: You have a small jelly attached to you that may absorb incoming projectiles. [mutagenic meat]
 44921 | Depths:4 | Lost mutation: Your skin is mostly translucent (Stealth, -foe acc). [mutagenic meat]
 44922 | Depths:4 | Gained mutation: Your flesh is heat resistant. [mutagenic meat]
 44923 | Depths:4 | Lost mutation: Your flesh is heat resistant. [mutagenic meat]
 44924 | Depths:4 | Gained mutation: Your flesh is heat resistant. [mutagenic meat]
 44925 | Depths:4 | Gained mutation: You are resistant to hostile enchantments. [mutagenic meat]
 45026 | Depths:4 | Gained mutation: Your flesh is cold resistant. [Jiyva's grace]
 45376 | D:11     | Lost mutation: You possess an exceptional clarity of mind. [Jiyva's grace]
 45528 | D:5      | Gained mutation: You are partially covered in slimy green scales (AC +2). [potion of beneficial mutation]
 45529 | D:5      | Fell from the grace of Jiyva
 45529 | D:5      | Became a worshipper of Zin the Law-Giver
 45529 | D:5      | Reached * piety under Zin
 45529 | D:5      | Reached ** piety under Zin
 45530 | D:5      | Donated 1724 gold pieces to Zin
 45531 | D:5      | Donated 862 gold pieces to Zin
 45532 | D:5      | Donated 431 gold pieces to Zin
 45553 | D:5      | Reached *** piety under Zin
 45638 | D:9      | Reached **** piety under Zin
 45773 | D:15     | Reached ***** piety under Zin
 45970 | Depths:3 | Voluntarily entered the Abyss.
 45972 | Abyss:1  | Found a corrupted altar of Lugonu.
 46190 | Abyss:2  | Donated 238 gold pieces to Zin
 46208 | Abyss:2  | Reached ****** piety under Zin
 46390 | Abyss:2  | Found a snail-covered altar of Cheibriados.
 46500 | Abyss:2  | Found a radiant altar of Vehumet.
 46951 | Abyss:2  | Reached skill level 26 in Axes
 47127 | Abyss:2  | Found a corrupted altar of Lugonu.
 47369 | Abyss:3  | Found a corrupted altar of Lugonu.
 47438 | Abyss:3  | Found a corrupted altar of Lugonu.
 47726 | Abyss:3  | Paralysed by accursed screaming for 1 turns
 47859 | Abyss:3  | Reached skill level 5 in Necromancy
 47940 | Depths:3 | Escaped the Abyss
 48134 | Depths:3 | Voluntarily entered the Abyss.
 48192 | Abyss:1  | Reached skill level 5 in Spellcasting
 48268 | Abyss:1  | Reached skill level 27 in Axes
 48572 | Abyss:1  | Reached XP level 24. HP: 220/242 MP: 30/30
 49045 | Abyss:1  | Found a sacrificial altar of Ru.
 49524 | Abyss:2  | Paralysed by accursed screaming for 1 turns
 49527 | Abyss:2  | Paralysed by accursed screaming for 2 turns
 50304 | Depths:3 | Escaped the Abyss
 50371 | Depths:3 | Voluntarily entered the Abyss.
 50513 | Abyss:2  | Reached skill level 1 in Transmutations
 50784 | Abyss:2  | Noticed an ancient lich
 50801 | Abyss:2  | Killed an ancient lich
 50842 | Abyss:2  | Found a corrupted altar of Lugonu.
 50970 | Abyss:2  | Killed from afar by a deep elf mage

Vault maps used:
D:1:      erik_arrival_orb_chamber
D:2:      kiku_gazebo_garden_becter, nicolae_overflow_hidden_temple,
          first_bread, minivault_4
D:3:      old_standard_altar, marbit_many_paths
D:4:      okawaru_gym_becter
D:5:      kennysheep_mini, lemuel_doored_altar, grunt_temple_overflow_open,
          uniq_menkaure
D:6:      overflow_temple_1_default, roderic_roman_lattice,
          uniq_crazy_yiuf_cottage
D:7:      corexii_shantytown, temple_fountains, basic_altar
D:8:      kennysheep_mini_moat
D:9:      grunt_lair_entry_orc_guard_hut, serial_shops, shop, uniq_grum,
          uniq_psyche, uniq_erolcha, uniq_erica
D:10:     hangedman_little_slice_of_home, grunt_qazlal_sundering
D:11:     wad_arrow_thing, david_orc_4, hex_intersection,
          minmay_misc_feat_nine_boxes
D:12:     serial_shops, shop_fountains, minivault_7
D:14:     david_vaults_5, nicolae_ru_the_path_less_chosen,
          minmay_guarded_unrand_flaming_death
D:15:     hangedman_depths_entry_try_elsewhere_first, kennysheep_crisscross
Temple:   corrupted_temple
Lair:1:   basic_altar, grunt_forest_large_clearing_hut, grunt_megastairs_2
Lair:2:   serial_bayou_shore_b
Lair:3:   dpeg_oklob_gauntlet, lab_entry_generic, infiniplex_staircase_pool,
          lemuel_fruit_tree, grunt_megastairs_4, serial_bayou_shore_a
Lair:4:   lemuel_ratsnest, minivault_19, minivault_29, uniq_nergalle
Lair:5:   st_stairs_12, grunt_megastairs_3
Lair:6:   minmay_shoals_entry_lonely_mermaid, guppyfry_snake_entry_island,
          st_stairs_9, uniq_josephine
Lair:7:   slime_altar_1
Lair:8:   minmay_lair_end_frog_pond, uniq_nessos, uniq_maud, uniq_snorg
Snake:1:  serial_shops, shop, uniq_aizul
Snake:2:  uniq_saint_roka
Snake:3:  hangedman_cross_veins
Snake:4:  snake_pit, grunt_ministairs_4
Orc:2:    pubby_orc_utopia
Elf:1:    hangedman_elven_crosses_minicolossus
Elf:2:    serial_shops, bzr_in_the_mist
Elf:3:    minmay_elf_hall_four_x, serial_shops, nicolae_shop_window_shopping,
          uniq_louise, uniq_roxanne
Vaults:1: hangedman_vaults_slice, ontoclasm_vaults_decontamination, v_pattern_1,
          hangedman_vaults_river_flow, nicolae_vaults_ring_of_whatevers,
          ontoclasm_vaults_echo, nicolae_vaults_little_squares_4,
          hangedman_vaults_stream, v_misc_15, nicolae_vaults_puzzle_piece,
          v_misc_19, hangedman_vaults_capsules
Vaults:2: hangedman_vaults_trim, grunt_vaults_diagonal,
          ontoclasm_vaults_water_temple, vaults_room_fancy_cross,
          ontoclasm_vaults_bender, nicolae_vaults_circle_grid_a, v_misc_9,
          vaults_mumra_hex, vaults_room_fancy_cross,
          nicolae_trove_entry_free_sample, uniq_margery
Vaults:3: kennysheep_vaults_gozag_temple, nicolae_vaults_little_squares_5,
          vaults_room_ringed_pool, hangedman_vaults_snaps,
          nicolae_vaults_stairing_the_circle, hangedman_vaults_slice,
          hangedman_vaults_corner, hangedman_vaults_impose,
          ontoclasm_vaults_eye, vaults_standard_mumra_enter_the_diamond,
          minmay_crypt_entry_simple_box
Vaults:4: v_misc_1, ontoclasm_vaults_ligature, nicolae_vaults_circle_grid_b,
          nicolae_vaults_diagonal_hallway_8, nicolae_vaults_mini_display_case,
          v_misc_24, v_misc_31, hangedman_vaults_slice, v_misc_18, uniq_sojobo
Depths:1: nicolae_water_bricks, rand_demon_pan_entry_1, hell_entry,
          kennysheep_potato, firewood_loft, uniq_norris
Depths:2: kennysheep_bubble_arena, hell_entry, hangedman_abyss_or_decor_slice,
          st_stairs_8, basic_stair_grate_trap, infiniplex_staircase_pool_2
Depths:3: hangedman_arch_fort, serial_sigils_hangedman_gnaw,
          rand_demon_pan_entry_8, abyss_entry, grunt_hell_entry_dis_grunt
Depths:4: kennysheep_oblong_rooms, enter_ziggurat_a, pf_hell_entry_tar_spiral,
          rand_demon_pan_entry_7, serial_column_ruins, column_ruins_portal_hut,
          column_ruins_open_tiny, column_ruins_columns_straight,
          column_ruins_grid_4, column_ruins_grid_1, column_ruins_grid_2,
          column_ruins_open_small_water, column_ruins_grid_4,
          abyss_entry_flame_altar, kennysheep_path_1, uniq_boris
Abyss:1:  hangedman_abyss_or_decor_clamps
Abyss:2:  guppyfry_abyss_exit_glass_guarded, hangedman_steaming_rock,
          evilmike_abyss_exit_12
Abyss:3:  evilmike_abyss_exit_8, evilmike_abyss_rune_acolytes_1
Lab:      labyrinth_watery
Bazaar:   bazaar_lake

Skill      XL: |  1  2  3  4  5  6  7  8  9 10 11 12 13 14 15 16 17 18 19 20 21 22 23 24 |
---------------+-------------------------------------------------------------------------+-----
Axes           | 3 4 5 6 7 9 10 12 15 17 19 20 21 22 23 24 25 27 | 27.0
Fighting       | 4 5 6 8 9 11 12 14 16 17 20 22 24 25 | 25.0
Dodging        | 4 13 16 17 18 19 22 | 22.1
Armour         | 6 7 9 12 14 15 16 17 18 19 | 19.0
Invocations    | 1 3 |  3.0
Spellcasting   | 1 2 3 5 8 |  8.3
Necromancy     | 1 3 4 5 8 |  8.9
Transmutations | 2 |  2.5
Shields        | |  3.6

Action                   |  1- 3 |  4- 6 |  7- 9 | 10-12 | 13-15 | 16-18 | 19-21 | 22-24 || total
-------------------------+-------+-------+-------+-------+-------+-------+-------+-------++-------
Melee: War axe           |    90 |    92 |   284 |     8 |       |       |       |       ||   474
       Headbutt          |    13 |    14 |    53 |    92 |   289 |   299 |   308 |   509 ||  1577
       Battleaxe         |       |       |       |   462 |  1002 |   900 |  1261 |  1698 ||  5323
       Peck              |       |       |       |       |     2 |   287 |   143 |   379 ||   811
       Kick              |       |       |       |       |       |       |    16 |       ||    16
       Bite              |       |       |       |       |       |       |       |     3 ||     3
       Pseudopods        |       |       |       |       |       |       |       |     1 ||     1
Invok: Heroism           |       |       |     2 |     1 |     4 |     4 |     6 |     3 ||    20
       Finesse           |       |       |       |     1 |       |       |       |       ||     1
       Request Jelly     |       |       |       |       |       |       |       |    87 ||    87
       Cure Bad Mutation |       |       |       |       |       |       |       |     5 ||     5
       Slimify           |       |       |       |       |       |       |       |     1 ||     1
       Donate Gold       |       |       |       |       |       |       |       |     4 ||     4
       Recite            |       |       |       |       |       |       |       |     1 ||     1
 Abil: Evoke Invisibilit |       |       |       |       |       |       |       |     2 ||     2
       Stop Flying       |       |       |       |       |       |       |       |     1 ||     1
       Evoke Flight      |       |       |       |       |       |       |       |     1 ||     1
Evoke: Rod               |       |       |       |     1 |       |       |       |       ||     1
       Wand              |       |       |       |     4 |     1 |       |       |       ||     5
  Use: Potion            |       |       |     1 |     2 |       |     2 |     7 |     5 ||    17
       Scroll            |       |       |       |    20 |     6 |    12 |    10 |     6 ||    54
 Stab: Invisible         |       |       |       |     1 |       |       |       |       ||     1
       Paralysed         |       |       |       |       |     1 |       |       |       ||     1
       Distracted        |       |       |       |       |       |       |     2 |     2 ||     4
       Confused          |       |       |       |       |       |       |       |     9 ||     9
  Eat: Chunk             |     1 |     6 |    11 |    20 |    36 |    34 |    69 |    24 ||   201
       Beef jerky        |       |       |       |       |     4 |     5 |     3 |     1 ||    13
       Fruit             |       |       |       |       |       |       |     2 |       ||     2
       Pizza             |       |       |       |       |       |       |       |     7 ||     7
Armor: Scale mail        |    37 |    26 |       |       |       |       |       |       ||    63
       Chain mail        |       |    11 |   114 |    15 |   206 |   268 |       |       ||   614
       Plate armour      |       |       |       |    34 |       |   130 |   610 |   601 ||  1375
       Crystal plate arm |       |       |       |   202 |    66 |       |       |       ||   268
Dodge: Dodged            |    27 |    17 |    16 |    87 |   621 |   739 |   570 |  1312 ||  3389
Block: Shield            |    45 |    46 |       |       |       |       |       |       ||    91
       Large shield      |       |     6 |   170 |     5 |       |       |       |       ||   181
